 Dungeon Crawl Stone Soup version 0.20-a0-910-gb611367 (webtiles) character file.

545 anet the Magician (level 7, 0/38 HPs)
             Began as a Deep Elf Wizard on Mar 25, 2017.
             Shot with an arrow by a centaur (12 damage)
             ... on level 5 of the Dungeon.
             The game lasted 00:11:36 (5153 turns).

anet the Magician (Deep Elf Wizard)                 Turns: 5153, Time: 00:11:36

Health: 0/38       AC:  3    Str:  6    XL:     7   Next: 6%
Magic:  16/16      EV: 13    Int: 23    God:
Gold:   346        SH:  0    Dex: 13    Spells: 5/16 levels left

rFire    + . .     SeeInvis .   a - +0 dagger
rCold    + . .     Gourm    .   c - +0 robe {rC+ rF+}
rNeg     . . .     Faith    .   (no shield)
rPois    .         Spirit   .   i - +0 hat
rElec    .         Reflect  .   H - +0 cloak
rCorr    .         Harm     .   (no gloves)
MR       .....                  (no boots)
Stlth    ++........             (no amulet)
Regen    0.2/turn               (no ring)
MPRegen  0.2/turn               (no ring)

@: no status effects
A: no striking features
a: no special abilities


You were on level 5 of the Dungeon.
You were hungry.

You visited 1 branch of the dungeon, and saw 5 of its levels.

You collected 346 gold pieces.

Inventory:

Hand Weapons
 a - a +0 dagger (weapon)
 b - a +0 hunting sling
 w - a +0 spear
Missiles
 e - 129 stones (quivered)
 k - 69 sling bullets
 G - 30 bolts
Armour
 c - a +0 robe of resistance (worn)
 i - a +0 hat (worn)
 H - a +0 cloak (worn)
Jewellery
 r - a +3 ring of dexterity {unknown}
 y - an uncursed amulet of guardian spirit {unknown}
 J - an uncursed amulet of rage {unknown}
Wands
 K - a wand of random effects (26/48)
Scrolls
 f - 2 scrolls of enchant armour {unknown}
 g - a scroll of teleportation {unknown}
 j - 2 scrolls of remove curse {unknown}
 l - a scroll of blinking {unknown}
 m - 2 scrolls of identify {unknown}
 n - 2 scrolls of amnesia {unknown}
 p - 3 scrolls of immolation {unknown}
 u - a scroll of recharging {unknown}
 v - 2 scrolls of fear {unknown}
 x - a scroll of enchant weapon {unknown}
 D - a scroll of random uselessness {unknown}
 I - a scroll of noise {unknown}
Potions
 h - a potion of magic {unknown}
 q - a potion of brilliance {unknown}
 s - 2 potions of lignification {unknown}
 A - a potion of ambrosia {unknown}
 B - a potion of resistance {unknown}
 C - 3 potions of curing {unknown}
 E - 2 potions of might {unknown}
 F - a potion of heal wounds {unknown}
Comestibles
 d - 2 bread rations
 o - 4 meat rations
 t - 2 fruits
 z - 3 royal jellies


   Skills:
 + Level 1.4 Fighting
 + Level 1.4 Slings
 + Level 1.6 Armour
 + Level 3.2 Dodging
 - Level 2.4 Stealth
 + Level 5.2 Spellcasting
 - Level 4.3 Conjurations
 + Level 1.8 Hexes
   Level 1.1 Summonings
 - Level 1.1 Translocations
 + Level 1.5 Fire Magic
 + Level 1.7 Air Magic
 + Level 2.4 Poison Magic
 + Level 0.0 Evocations


You had 5 spell levels left.
You knew the following spells:

 Your Spells              Type           Power        Failure   Level  Hunger
a - Magic Dart            Conj           ####         1%          1    None
b - Blink                 Tloc           N/A          12%         2    None
c - Conjure Flame         Conj/Fire      ###.....     10%         3    ##.....
d - Mephitic Cloud        Conj/Pois/Air  ###.....     10%         3    ##.....
e - Slow                  Hex            ##......     10%         2    None


Dungeon Overview and Level Annotations

Branches:
Dungeon (5/15)
 Temple: D:4-7

Altars:
Gozag
Yredelemnul
The Shining One


Message History

Found a dented amethyst amulet.
Found 22 stones.
J - a dented amethyst amulet
Found an encrusted ivory wand.
e - 129 stones (gained 22)
K - a wand of random effects (?/48)
Found a wand of random effects (?/48).
A centaur comes into view.
The centaur shouts!
The centaur wields a runed shortbow.
It is covered in frost.
The centaur shoots an arrow.
The arrow hits you! The arrow freezes you.
You see here an arrow.
The centaur shoots an arrow.
The arrow hits you!
* * * LOW HITPOINT WARNING * * *
The arrow freezes you.
* * * LOW HITPOINT WARNING * * *
You see here an arrow.
The centaur shoots an arrow.
The arrow closely misses you.
The centaur shoots an arrow.
The arrow hits you!
You die...

#..............
###########........#+#..
................#.<#.#..
####...#.#...#.#..#.#..
#### #.#.#.#.#.#.#..#.###
.....#...#.#.#...#...<...
......((.................
####.##(##.####..........
# #..@..# #..########
#../......##..#
###.##....##.. #. ..c.##.
#. ...... #. ....... ##
##.#### .#


You could see a centaur.

Vanquished Creatures
  The ghost of CalmDownMonkey the Shooter, an amateur CeHu (D:3)
  An ogre (D:4)
  2 hounds
  2 orc priests (D:3)
  A gnoll shaman (D:4)
  Jessica (D:2)
  A bullfrog skeleton (D:4)
  4 gnolls (D:4)
  4 adders
  An ooze (D:1)
  3 worms (D:2)
  2 dart slugs (D:1)
  6 leopard geckos
  3 orcs (D:3)
  A ball python (D:2)
  4 bats
  2 giant cockroaches (D:1)
  17 goblins
  5 hobgoblins
  5 jackals
  7 kobolds
  3 quokkas
  A ball python skeleton (D:4)
  5 frilled lizards
  8 rats
90 creatures vanquished.

Notes
Turn   | Place    | Note
-------+----------+-------------------------------------------
     0 | D:1      | anet the Deep Elf Wizard began the quest for the Orb.
     0 | D:1      | Reached XP level 1. HP: 10/10 MP: 7/7
    13 | D:1      | Noticed an electric eel
   413 | D:1      | Reached XP level 2. HP: 11/15 MP: 3/9
   419 | D:1      | Learned a level 2 spell: Blink
   838 | D:1      | Reached XP level 3. HP: 19/19 MP: 5/10
   845 | D:1      | Learned a level 3 spell: Conjure Flame
   849 | D:1      | Learned a level 3 spell: Mephitic Cloud
  1842 | D:2      | Found a basalt altar of Yredelemnul.
  2066 | D:2      | Reached XP level 4. HP: 24/24 MP: 8/12
  2070 | D:2      | Learned a level 2 spell: Slow
  2569 | D:2      | Noticed Jessica
  2575 | D:2      | Killed Jessica
  2709 | D:2      | Reached skill level 1 in Poison Magic
  2881 | D:3      | Reached XP level 5. HP: 17/28 MP: 7/13
  2993 | D:3      | Found a glowing golden altar of the Shining One.
  2995 | D:3      | Noticed CalmDownMonkey's ghost (amateur CeHu)
  3366 | D:3      | Found an opulent altar of Gozag.
  3498 | D:3      | Reached skill level 1 in Fighting
  3596 | D:3      | Killed CalmDownMonkey's ghost
  3596 | D:3      | Reached skill level 1 in Armour
  3596 | D:3      | Reached skill level 1 in Hexes
  3596 | D:3      | Reached skill level 1 in Fire Magic
  3596 | D:3      | Reached skill level 1 in Air Magic
  3596 | D:3      | Reached XP level 6. HP: 32/34 MP: 6/15
  4131 | D:4      | Reached skill level 1 in Slings
  4231 | D:4      | Reached skill level 5 in Spellcasting
  4637 | D:4      | Reached XP level 7. HP: 38/38 MP: 2/16
  5122 | D:5      | Entered Level 5 of the Dungeon
  5153 | D:5      | Shot with an arrow by a centaur

Vault maps used:
D:1:      arrival_aquarium_a, minmay_tetromino_i4
D:2:      kennysheep_the_goblin_king, lemuel_crystal_altar, first_bread,
          kennysheep_jessica_study
D:3:      lemuel_crystal_altar, nicolae_gozag_seed_capital
D:4:      nicolae_overflow_hidden_temple, serial_forest,
          infiniplex_forest_side_room, infiniplex_forest_lined_4_way,
          infiniplex_forest_clump_C, infiniplex_forest_corner_2,
          infiniplex_forest_clump_C
D:5:      nicolae_ossuary_entry_monument

Skill      XL: |  1  2  3  4  5  6 |
---------------+-------------------+-----
Conjurations   | 2 3 4 |  4.3
Poison Magic   | 1 2 |  2.4
Fighting       | 1 |  1.4
Armour         | 1 |  1.6
Hexes          | 1 |  1.8
Fire Magic     | 1 |  1.5
Air Magic      | 1 |  1.7
Slings         | 1 |  1.4
Dodging        | 3 |  3.2
Spellcasting   | 5 |  5.2
Stealth        | |  2.4
Summonings     | |  1.1
Translocations | |  1.1

Action                   |  1- 3 |  4- 6 |  7- 9 || total
-------------------------+-------+-------+-------++-------
Melee: Dagger            |     3 |     3 |       ||     6
       Spear             |       |    36 |       ||    36
 Fire: Hunting sling     |       |     2 |       ||     2
 Cast: Magic Dart        |    94 |   126 |    10 ||   230
       Conjure Flame     |       |     6 |       ||     6
       Blink             |       |     2 |       ||     2
       Mephitic Cloud    |       |     2 |       ||     2
 Stab: Confused          |       |     2 |       ||     2
  Eat: Chunk             |     3 |     8 |     1 ||    12
Armor: Robe              |     2 |     4 |       ||     6
Dodge: Dodged            |     9 |    28 |     1 ||    38
